 Dungeon Crawl Stone Soup version 0.23.2-1-ga50397a (webtiles) character file.

Game seed: 9669102118706576493

123391 shadizar the Protected (level 16, -2/104 HPs)
             Began as a Gargoyle Fighter on May 11, 2019.
             Was the Champion of the Shining One.
             Splashed by a lich's acid (14 damage)
             ... on level 2 of the Depths.
             The game lasted 01:00:07 (24703 turns).

shadizar the Protected (Gargoyle Fighter)          Turns: 24703, Time: 01:00:09

Health: -2/104     AC: 33    Str: 38    XL:     16   Next: 90%
Magic:  23/23      EV: 14    Int:  9    God:    the Shining One [******]
Gold:   1132       SH:  0    Dex: 14    Spells: 15/15 levels left

rFire    + + .     SeeInvis .   g - +1 eveningstar (holy)
rCold    + + +     Gourm    .   J - +0 large shield
rNeg     + + +     Faith    +   S - +1 chain mail of Xom's Approval {rPois rF++ Regen+ Dex-2}
rPois    ∞         Spirit   .   o - +1 hat of Resilience {Dex+3}
rElec    +         Reflect  .   E - +4 cloak "Liahock" {rN+ Str+2}
rCorr    .         Harm     .   c - +1 pair of gloves {Str+3}
MR       ++...                  Y - +1 pair of boots {Fly}
Stlth    ..........             h - amulet of Pragmatism {Faith rPois rC+++ rN+ Dex+4}
HPRegen  0.67/turn              y - +6 ring of strength
MPRegen  0.18/turn              D - ring of protection from magic

@: confused, divine shield, marked, corroded, flying, glowing, studying Bows
A: big wings, negative energy resistance 1, electricity resistance, unbreathing,
petrification resistance, rot immunity, AC +12
a: Stop Flying, Divine Shield, Cleansing Flame, Summon Divine Warrior, Brand
Weapon With Holy Wrath, Renounce Religion


You were on level 2 of the Depths.
You worshipped the Shining One.
The Shining One was exalted by your worship.
You were hungry.

You visited 5 branches of the dungeon, and saw 26 of its levels.
You also visited: Bailey.

You collected 3655 gold pieces.
You spent 2523 gold pieces at shops.

Inventory:

Hand Weapons
 g - a +1 eveningstar of holy wrath (weapon)
 K - the +8 storm bow {elec}
   (You found it on level 4 of the Lair of Beasts)

   It charges the ammunition it shoots with electricity; occasionally upon a
   hit, such missiles may discharge and cause terrible harm.
Missiles
 m - 472 arrows (quivered)
Armour
 c - a +1 pair of gloves of strength (worn)
 o - the +1 hat of Resilience (worn) {Dex+3}
   (You acquired it on level 13 of the Dungeon)

   It affects your dexterity (+3).
 q - the +2 plate armour "Uma Daus" {*Corrode Int+3 Dex+3}
   (You bought it in a shop on level 2 of the Orcish Mines)

   It affects your intelligence (+3).
   It affects your dexterity (+3).
   It may corrode you when you take damage.
 E - the +4 cloak "Liahock" (worn) {rN+ Str+2}
   (You bought it in a shop on level 1 of the Depths)

   It affects your strength (+2).
   It protects you from negative energy.
 J - a +0 large shield (worn)
 M - a +2 pair of gloves of archery
 S - the +1 chain mail of Xom's Approval (worn) {rPois rF++ Regen+ Dex-2}
   (You found it on level 5 of the Lair of Beasts)

   It affects your dexterity (-2).
   It greatly protects you from fire.
   It protects you from poison.
   It increases your rate of regeneration.
 Y - a +1 pair of boots of flying (worn)
Jewellery
 b - a +4 ring of dexterity
 h - the amulet of Pragmatism (around neck) {Faith rPois rC+++ rN+ Dex+4}
   (You found it on level 14 of the Dungeon)

   [amulet of faith]

   It allows you to gain divine favour quickly.
   It affects your dexterity (+4).
   It renders you almost immune to cold.
   It protects you from poison.
   It protects you from negative energy.
 r - the ring "Yckun" {Ice rPois Str+3}
   (You acquired it on level 13 of the Dungeon)

   [ring of ice]

   It enhances your ice magic.
   It affects your strength (+3).
   It makes you vulnerable to fire.
   It protects you from cold.
   It protects you from poison.
 x - a cursed amulet of inaccuracy {unknown}
 y - a +6 ring of strength (left hand)
 A - an uncursed ring of protection from cold
 D - a ring of protection from magic (right hand)
 G - the ring of Hedonism {Str+2 Dex+2 Stlth-}
   (You found it on level 13 of the Dungeon)

   [ring of attention]

   It affects your strength (+2).
   It affects your dexterity (+2).
   It makes you less stealthy.
 L - a cursed amulet of inaccuracy {unknown}
Wands
 t - a wand of polymorph (7)
 w - a wand of disintegration (7)
 Q - a wand of iceblast (5)
 X - a wand of flame (13)
Scrolls
 a - 2 scrolls of magic mapping
 e - 10 scrolls of remove curse
 j - 7 scrolls of teleportation
 l - 3 scrolls of identify
 v - 4 scrolls of fog
 P - 3 scrolls of enchant weapon
Potions
 k - a potion of agility
 p - a potion of berserk rage
 s - a potion of might
 B - 5 potions of brilliance
 C - 3 potions of cancellation
 H - a potion of ambrosia
Books
 z - a manual of Bows
Miscellaneous
 u - a phial of floods
 T - a lightning rod (4/4)
Comestibles
 f - 58 rations
 i - 5 chunks of flesh


   Skills:
 + Level 13.6 Fighting
 + Level 12.5 Maces & Flails
 + Level 8.1 Bows
 + Level 13.6 Armour
 + Level 10.5 Dodging
 + Level 13.5 Shields
 + Level 9.4 Invocations
 - Level 6.4 Evocations


You had 15 spell levels left.
You didn't know any spells.
Your spell library contained the following spells:

 Spells                   Type           Power        Failure   Level  Hunger
 Animate Skeleton         Necr           N/A          99%         1    ##.....
 Beastly Appendage        Tmut           #.....       99%         1    ##.....
 Pain                     Necr           #...         99%         1    ##.....
 Shock                    Conj/Air       #...         99%         1    ##.....
 Sticks to Snakes         Tmut           #.......     100%        2    ###....
 Swiftness                Chrm/Air       #.......     100%        2    ###....
 Regeneration             Chrm/Necr      #.........   100%        3    ####...
 Spider Form              Tmut/Pois      #.........   100%        3    ####...
 Static Discharge         Conj/Air       #.......     100%        3    ####...
 Vampiric Draining        Necr           #.........   100%        3    ####...
 Airstrike                Air            #.........   100%        4    #####..
 Animate Dead             Necr           N/A          100%        4    #####..
 Ice Form                 Ice/Tmut       #.......     100%        4    #####..
 Blade Hands              Tmut           #.........   100%        5    ######.
 Lightning Bolt           Conj/Air       #.........   100%        5    ######.


Dungeon Overview and Level Annotations

Branches:
Dungeon (15/15)            Temple (1/1) D:6            Lair (6/6) D:8
 Shoals (0/4) Lair:2        Snake (0/4) Lair:3        Slime (0/5) Lair:6
    Orc (2/2) D:11            Elf (0/3) Orc:2        Vaults (0/5) D:13
 Depths (2/5) D:15

Altars:
Ashenzari
Cheibriados
Dithmenos
Elyvilon
Fedhas
Gozag
Hepliaklqana
Kikubaaqudgha
Makhleb
Nemelex Xobeh
Okawaru
Qazlal
Ru
Sif Muna
Trog
Uskayaw
Vehumet
Wu Jian
Xom
Yredelemnul
Zin
The Shining One
Beogh

Shops:
D:6 (   D:7 [   D:9 [   D:10 =   D:13 [   D:14 %!   Orc:2 ?[([   Depths:1 =}=[

Portals:
Hell: Depths:1
Abyss: Depths:1
Ziggurat: Depths:2
Trove: D:14 (give +8 demon trident)

Annotations:
Lair:2 exclusion: oklob plant
Depths:2 exclusion: orange crystal statue


Innate Abilities, Weirdness & Mutations

You are resistant to torment.
Your stone body is resilient. (AC +12)
You are immune to poison.
Your large and strong wings let you fly indefinitely.
You resist negative energy. (rN+)
You are resistant to electric shocks. (rElec)
You can survive without breathing.
You are immune to petrification.
You are immune to rotting.


Message History

Unknown command.
Unknown command.
You are confused.
You feel invigorated.
Your surroundings suddenly seem different.
A lich comes into view.
A spectral centaur comes into view.
A vampire comes into view.
A flayed ghost comes into view.
Unknown command.
You're too confused to move!
The lich casts a spell.
The lich seems to speed up.
The spectral centaur hits you but does no damage.
A soul eater comes into view.
You hit the spectral centaur.
The spectral centaur convulses.
The spectral centaur is heavily damaged.
The lich points at you and mumbles some strange words.
The bolt of acid hits you!!
* * * LOW HITPOINT WARNING * * *
The acid corrodes you!
You are splashed with acid!
You die...

#.. ##... ###
####.....
#..###........
+##.............
..'.............
#..........3..
#.L...@.#
#.....Z##
#.......+
#.....W##
#.......
#..............
#.......V......
#.....##......##
#......


You could see a lich, a soul eater, a flayed ghost and a spectral centaur.

Vanquished Creatures
  A tengu reaver (Depths:1)
  Kirke (D:12)
  Donald (Orc:2)
  An orc warlord (Orc:2)
  A frost giant (Depths:1)
  2 stone giants
  A dire elephant (Lair:6)
  Nessos (Lair:4)
  Snorg (D:11)
  2 ettins
  Josephine (Lair:4)
  2 fire dragons
  2 jiangshi (D:15)
  A great orb of eyes (Depths:1)
  2 vault guards (D:13)
  A rakshasa (Depths:1)
  10 hydras
  A spriggan air mage (Depths:2)
  An ice dragon (Depths:2)
  3 death knights
  5 centaur warriors
  A merfolk avatar (Lair:6)
  8 two-headed ogres
  3 tengu warriors
  2 ogre magi
  2 deep troll earth magi
  A vampire mage (D:15)
  2 deep troll shamans (Depths:1)
  The ghost of Tramtrist the Gouger, a journeyman FeBe of Trog (D:13)
  3 orc high priests
  2 iron trolls (Depths:1)
  A hell knight (D:15)
  7 skeletal warriors
  4 unseen horrors
  3 sea snakes (Lair:6)
  A spectral anaconda (Depths:2)
  10 deep trolls
  A phantasmal warrior (Depths:2)
  4 orc knights
  An orc sorcerer (Orc:2)
  A deep elf mage (D:15)
  A mana viper (Depths:2)
  11 ugly things
  2 cyclopes (D:15)
  5 elephants
  3 manticores
  3 centaur zombies
  A black mamba (Lair:4)
  16 spiny frogs
  4 centaur skeletons
  4 rime drakes
  A yaktaur (shapeshifter) (Depths:1)
  7 komodo dragons
  4 kobold demonologists
  9 yaktaurs (Depths:1)
  An anaconda simulacrum (Depths:2)
  A freezing wraith (D:14)
  3 tengu conjurers
  6 meliai (D:13)
  A troll (shapeshifter) (Depths:1)
  6 polar bears
  6 trolls
  A polar bear (shapeshifter) (Depths:1)
  A wind drake (Lair:6)
  A hornet (shapeshifter) (D:15)
  3 slime creatures (Depths:1)
  A hornet (Lair:6)
  A raiju (Depths:2)
  A meliai zombie (D:14)
  11 dream sheep
  10 hippogriffs
  5 shadows
  Sigmund (D:5)
  2 water elementals (Depths:2)
  8 wraiths
  25 yaks
  2 vampires
  A human (shapeshifter) (Depths:1)
  A centaur simulacrum (D:14)
  Grum (D:11)
  4 wyverns
  2 vampire mosquitoes (D:13)
  A hog (D:12)
  10 humans (D:13)
  3 hungry ghosts
  The ghost of Tribosh the Shield-Bearer, an amateur OpFi (D:5)
  Menkaure (D:4)
  A harpy simulacrum (D:15)
  6 wargs
  2 soldier ants
  11 water moccasins
  37 orc warriors
  5 porcupines
  A hell hound (Depths:2)
  5 sky beasts
  2 hornet zombies (D:10)
  2 ice beasts
  2 phantoms
  A black bear (D:12)
  9 ogres
  2 eyes of draining
  13 wolves
  11 centaurs
  10 big kobolds
  12 crocodiles
  19 bullfrogs
  A wyvern zombie (D:14)
  2 jellies (D:12)
  2 scorpions
  12 killer bees
  14 wights
  3 howler monkeys
  4 bullfrog zombies
  5 crimson imps
  19 orc priests
  3 bullfrog skeletons
  10 hounds
  23 orc wizards
  7 worker ants
  5 iguanas
  4 gnolls
  9 adders
  An ooze (D:1)
  An adder skeleton (D:6)
  6 worms
  2 dart slugs
  6 leopard geckos
  103 orcs
  4 giant cockroaches
  10 hobgoblins
  4 jackals (D:4)
  4 quokkas
  6 bats
  3 frilled lizards
  7 goblins
  21 kobolds
  A quokka skeleton (D:6)
  9 rats
  A fungus (Lair:6)
  A plant (Lair:6)
756 creatures vanquished.

Vanquished Creatures (collateral kills)
  A cyclops (D:11)
  A big kobold (D:11)
  A worker ant zombie (D:11)
  A goblin (D:11)
  A kobold (D:11)
5 creatures vanquished.

Vanquished Creatures (others)
  A manticore (shapeshifter) (Depths:1)
  3 yaktaurs (Depths:1)
  A komodo dragon (shapeshifter) (Depths:1)
  A human (D:12)
  3 orc warriors (Bailey)
  7 centaurs
  A crocodile (Lair:6)
  7 fungi
  15 plants
39 creatures vanquished.

Grand Total: 800 creatures vanquished

Notes
Turn   | Place    | Note
-------+----------+-------------------------------------------
     0 | D:1      | shadizar the Gargoyle Fighter began the quest for the Orb.
     0 | D:1      | Reached XP level 1. HP: 14/14 MP: 1/1
    77 | D:1      | Reached XP level 2. HP: 14/19 MP: 2/2
   440 | D:1      | Reached XP level 3. HP: 20/23 MP: 3/3
   878 | D:2      | Reached skill level 1 in Dodging
  1177 | D:2      | Reached XP level 4. HP: 29/29 MP: 4/4
  1820 | D:3      | Reached XP level 5. HP: 32/33 MP: 5/5
  2670 | D:4      | Reached XP level 6. HP: 27/39 MP: 4/6
  2713 | D:4      | Noticed Menkaure
  2879 | D:4      | Killed Menkaure
  3101 | D:4      | Reached XP level 7. HP: 30/44 MP: 7/7
  3230 | D:4      | Found a radiant altar of Vehumet.
  3231 | D:4      | Found a burning altar of Makhleb.
  3509 | D:5      | Entered Level 5 of the Dungeon
  3511 | D:5      | Noticed Sigmund
  3686 | D:5      | Found a large runed translucent door.
  3686 | D:5      | Found a large runed translucent door.
  3687 | D:5      | Noticed Tribosh's ghost (amateur OpFi)
  3703 | D:5      | Reached skill level 5 in Shields
  3984 | D:5      | Found a sacrificial altar of Ru.
  3984 | D:5      | Found a blossoming altar of Fedhas.
  4056 | D:6      | Reached skill level 5 in Fighting
  4114 | D:6      | Reached skill level 5 in Armour
  4214 | D:6      | Found Beedomugue's Antique Weapon Shoppe.
  4376 | D:6      | Found a staircase to the Ecumenical Temple.
  4389 | Temple   | Entered the Ecumenical Temple
  4481 | Temple   | Became a worshipper of the Shining One
  4772 | D:7      | Reached XP level 8. HP: 50/50 MP: 8/8
  4934 | D:7      | Found Hoebu's Antique Armour Shoppe.
  5037 | D:7      | You fall through a shaft for 3 floors!
  5037 | D:10     | Entered Level 10 of the Dungeon
  5053 | D:10     | Noticed a two-headed ogre
  5132 | D:10     | Reached skill level 1 in Invocations
  5161 | D:10     | Reached skill level 1 in Evocations
  5253 | D:9      | Noticed a troll
  5269 | D:9      | Killed a troll
  5371 | D:9      | Reached skill level 5 in Maces & Flails
  5404 | D:9      | Reached XP level 9. HP: 47/55 MP: 10/10
  5490 | D:8      | Found a staircase to the Lair.
  5708 | D:8      | Reached * piety under the Shining One
  6215 | D:8      | Found a hide-covered altar of Uskayaw.
  6453 | D:8      | Found a bloodstained altar of Trog.
  6635 | D:9      | Noticed a troll
  6646 | D:9      | Killed a troll
  6938 | D:9      | Reached XP level 10. HP: 39/63 MP: 13/13
  7226 | D:9      | Found an opulent altar of Gozag.
  7229 | D:9      | Found Erosapto's Antique Armour Shop.
  7234 | D:9      | Bought a pair of runed gloves for 217 gold pieces
  7727 | D:10     | Found Acsaareu's Jewellery Boutique.
  7774 | D:10     | Noticed an unseen horror
  7782 | D:10     | Killed an unseen horror
  7793 | D:10     | Reached skill level 5 in Invocations
  7838 | D:10     | Killed a two-headed ogre
  7838 | D:10     | Reached skill level 5 in Dodging
  8724 | D:11     | Noticed a cyclops
  8734 | D:11     | Killed a cyclops
  8742 | D:11     | Found a flagged portal.
  8751 | D:11     | Reached ** piety under the Shining One
  8794 | D:11     | Found a staircase to the Orcish Mines.
  8827 | Bailey   | Entered a bailey
  8827 | Bailey   | Noticed an orc knight
  8832 | Bailey   | Noticed an orc knight
  8848 | Bailey   | Killed an orc knight
  8848 | Bailey   | Reached XP level 11. HP: 40/68 MP: 5/15
  9316 | D:11     | Noticed Snorg
  9326 | D:11     | Noticed a two-headed ogre
  9350 | D:11     | Killed Snorg
  9367 | D:11     | Noticed Grum
  9684 | D:11     | Killed Grum
  9834 | D:11     | Noticed an unseen horror
  9857 | D:11     | Killed an unseen horror
  9865 | D:11     | Found a burning altar of Makhleb.
  9910 | D:11     | Noticed a red ugly thing
  9923 | D:11     | Killed a red ugly thing
  9978 | D:11     | Noticed a tengu warrior
  9984 | D:11     | Killed a tengu warrior
 10211 | Lair:1   | Entered Level 1 of the Lair of Beasts
 10227 | Lair:1   | Got a scorched great mace
 10826 | Lair:1   | Identified the +6 great mace "Walusa" {crush, *Corrode
                  | rElec rC+ Int+4} (You found it on level 1 of the Lair of
                  | Beasts)
 11018 | Lair:2   | Reached XP level 12. HP: 76/76 MP: 16/16
 11082 | Lair:2   | Found a staircase to the Shoals.
 11793 | Lair:3   | Reached *** piety under the Shining One
 12084 | Lair:3   | Found a staircase to the Snake Pit.
 12329 | Lair:3   | Noticed a four-headed hydra
 12336 | Lair:3   | Killed a four-headed hydra
 12800 | Lair:4   | Reached skill level 10 in Fighting
 12800 | Lair:4   | Reached skill level 10 in Armour
 12809 | Lair:4   | Reached skill level 10 in Shields
 12828 | Lair:4   | Found the +8 storm bow {elec}
 13011 | Lair:4   | Noticed a five-headed hydra
 13022 | Lair:4   | Killed a five-headed hydra
 13102 | Lair:4   | Noticed Nessos
 13137 | Lair:4   | Killed Nessos
 13228 | Lair:4   | Reached XP level 13. HP: 51/83 MP: 17/17
 13536 | Lair:4   | Noticed Josephine
 13552 | Lair:4   | Killed Josephine
 14047 | Lair:5   | Got an amethyst-encrusted chain mail
 14620 | Lair:6   | Entered Level 6 of the Lair of Beasts
 14666 | Lair:6   | Identified the +1 chain mail of Xom's Approval {rPois rF++
                  | Regen+ Dex-2} (You found it on level 5 of the Lair of
                  | Beasts)
 14831 | Lair:6   | Reached skill level 10 in Maces & Flails
 14935 | Lair:6   | Noticed a dire elephant
 15517 | Lair:6   | Reached **** piety under the Shining One
 15843 | Lair:6   | Got an ichor-stained arbalest
 15984 | Lair:6   | Found a staircase to the Slime Pits.
 16131 | Lair:6   | Gained mutation: Your large and strong wings let you fly
                  | indefinitely. [Gargoyle growth]
 16131 | Lair:6   | Reached XP level 14. HP: 67/90 MP: 11/18
 16408 | Lair:6   | Killed a dire elephant
 16838 | Orc:1    | Entered Level 1 of the Orcish Mines
 16970 | Orc:1    | Found a bloodstained altar of Trog.
 17378 | Orc:2    | Entered Level 2 of the Orcish Mines
 17493 | Orc:2    | Noticed Donald
 17513 | Orc:2    | Killed Donald
 17698 | Orc:2    | Found a roughly hewn altar of Beogh.
 17702 | Orc:2    | Found Izogh's Antique Armour Boutique.
 17708 | Orc:2    | Bought a pair of embroidered gloves for 172 gold pieces
 17708 | Orc:2    | Bought a glowing scarf for 184 gold pieces
 17882 | Orc:2    | Found a roughly hewn altar of Beogh.
 17916 | Orc:2    | Found Sietteim's Magic Scroll Shoppe.
 17943 | Orc:2    | Found a roughly hewn altar of Beogh.
 18111 | Orc:2    | Found a staircase to the Elven Halls.
 18198 | Orc:2    | Found a roughly hewn altar of Beogh.
 18302 | Orc:2    | Found a roughly hewn altar of Beogh.
 18351 | Orc:2    | Noticed an orc warlord
 18514 | Orc:2    | Paralysed by an orc sorcerer for 4 turns
 18788 | Orc:2    | Killed an orc warlord
 18845 | Orc:2    | Found Baumuet's Antique Armour Emporium.
 18848 | Orc:2    | Found a roughly hewn altar of Beogh.
 18851 | Orc:2    | Found Uterywn's Antique Weapon Shoppe.
 18864 | Orc:2    | Bought an ichor-stained plate armour for 728 gold pieces
 18870 | Orc:2    | Bought a glowing eveningstar for 504 gold pieces
 18885 | Orc:2    | Identified the +2 plate armour "Uma Daus" {*Corrode Int+3
                  | Dex+3} (You bought it in a shop on level 2 of the Orcish
                  | Mines)
 18949 | D:11     | Reached skill level 5 in Evocations
 19098 | D:5      | Killed Sigmund
 19267 | D:5      | Found an ancient bone altar of Kikubaaqudgha.
 19267 | D:5      | Found a glowing silver altar of Zin.
 19267 | D:5      | Found a shattered altar of Ashenzari.
 19279 | D:5      | Found a white marble altar of Elyvilon.
 19283 | D:5      | Found a sparkling altar of Nemelex Xobeh.
 19404 | D:5      | Killed Tribosh's ghost
 19815 | D:12     | Reached ***** piety under the Shining One
 19997 | D:12     | Noticed Kirke
 20003 | D:12     | Noticed a sphinx
 20021 | D:12     | Killed Kirke
 20198 | D:13     | Found a runed translucent gate.
 20198 | D:13     | Found a runed translucent gate.
 20198 | D:13     | Found a runed translucent gate.
 20202 | D:13     | Noticed Tramtrist's ghost (journeyman FeBe)
 20327 | D:13     | Got a glittering granite ring
 20671 | D:13     | Reached XP level 15. HP: 97/97 MP: 20/20
 20723 | D:13     | Found a gate to the Vaults.
 20831 | D:13     | Killed Tramtrist's ghost
 20842 | D:13     | Found Pinewud's Armour Emporium.
 21098 | D:13     | Reached ****** piety under the Shining One
 21432 | D:13     | Identified 3 scrolls of acquirement
 21439 | D:13     | Got a transparent hat
 21441 | D:13     | Got a scorched bronze ring
 21478 | D:13     | Identified the +1 hat of Resilience {Dex+3} (You acquired
                  | it on level 13 of the Dungeon)
 21484 | D:13     | Identified the ring "Yckun" {Ice rPois Str+3} (You acquired
                  | it on level 13 of the Dungeon)
 21486 | D:13     | Identified the ring of Hedonism {Str+2 Dex+2 Stlth-} (You
                  | found it on level 13 of the Dungeon)
 21591 | D:13     | Identified the +7 arbalest of Pain and Death {penet, rF-
                  | rN+ Str+3 Dex+2} (You found it on level 6 of the Lair of
                  | Beasts)
 21683 | D:14     | Found a portal to a secret trove of treasure.
 21737 | D:14     | Got a wavering bone amulet
 21740 | D:14     | Identified the amulet of Pragmatism {Faith rPois rC+++ rN+
                  | Dex+4} (You found it on level 14 of the Dungeon)
 21877 | D:14     | Found Sorhaun's Food Boutique.
 22173 | D:14     | Found Gaciomm's Distillery.
 22432 | D:15     | Entered Level 15 of the Dungeon
 22464 | D:15     | Found a radiant altar of Vehumet.
 22584 | D:15     | Reached skill level 1 in Bows
 22863 | D:15     | Found a staircase to the Depths.
 22953 | D:15     | Reached skill level 10 in Dodging
 23077 | D:15     | Reached XP level 16. HP: 104/104 MP: 13/22
 23351 | Depths:1 | Entered Level 1 of the Depths
 23412 | Depths:1 | Found a one-way gate to the infinite horrors of the Abyss.
 23425 | Depths:1 | Reached skill level 5 in Bows
 23531 | Depths:1 | Found a gateway to Hell.
 24028 | Depths:1 | Found Bonorid's Armour Shoppe.
 24028 | Depths:1 | Noticed a tengu reaver
 24047 | Depths:1 | Killed a tengu reaver
 24525 | Depths:1 | Bought the +4 cloak "Liahock" {rN+ Str+2} for 718 gold
                  | pieces
 24572 | Depths:1 | Found Mejiaq's Jewellery Shop.
 24572 | Depths:1 | Found Askigred's Gadget Shoppe.
 24573 | Depths:1 | Found Qunil's Jewellery Shop.
 24667 | Depths:2 | Found a gateway to a ziggurat.
 24700 | Depths:2 | Noticed a lich
 24703 | Depths:2 | Splashed by a lich's acid

Skill      XL: |  1  2  3  4  5  6  7  8  9 10 11 12 13 14 15 16 |
---------------+-------------------------------------------------+-----
Dodging        | 1 2 3 4 5 6 7 8 9 10 | 10.5
Shields        | 4 5 6 7 8 9 10 11 12 13 | 13.5
Fighting       | 4 5 6 7 8 9 10 11 12 13 | 13.6
Armour         | 4 5 6 7 8 9 10 11 12 13 | 13.6
Maces & Flails | 3 4 5 6 7 8 9 10 11 12 | 12.5
Invocations    | 2 4 5 6 8 9 |  9.4
Evocations     | 1 3 4 5 6 |  6.4
Bows           | 4 8 |  8.1

Action                   |  1- 3 |  4- 6 |  7- 9 | 10-12 | 13-15 | 16-18 || total
-------------------------+-------+-------+-------+-------+-------+-------++-------
Melee: Flail             |   153 |   224 |   514 |   145 |       |       ||  1036
       Morningstar       |       |       |       |   426 |   588 |       ||  1014
       Eveningstar       |       |       |       |       |   860 |   278 ||  1138
       Unarmed           |       |       |       |       |    10 |       ||    10
Invok: Divine Shield     |       |       |       |     3 |     6 |     4 ||    13
       Cleansing Flame   |       |       |       |       |       |     7 ||     7
 Abil: Fly               |       |       |       |       |     1 |       ||     1
Evoke: Wand              |       |       |       |     5 |     2 |       ||     7
  Use: Scroll            |       |       |       |    19 |    16 |     4 ||    39
       Potion            |       |       |       |     9 |     1 |    12 ||    22
  Eat: Chunk             |     1 |     7 |    10 |    21 |    35 |     3 ||    77
       Ration            |       |       |     1 |       |       |     1 ||     2
Armor: Scale mail        |    71 |   125 |       |       |       |       ||   196
       Plate armour      |       |    20 |   289 |   330 |   119 |       ||   758
       Chain mail        |       |       |       |       |   534 |   203 ||   737
Dodge: Dodged            |    51 |    73 |   165 |   242 |   581 |   151 ||  1263
Block: Shield            |    64 |   119 |   276 |   594 |  1017 |       ||  2070
       Reflection        |       |       |       |    17 |    25 |       ||    42
       Large shield      |       |       |       |       |   339 |   561 ||   900
